Map: Ulrena

Players

MiƙeƴMauŞ - Winner!

  • Race: Protoss Protoss
  • League: Master

Miszu

  • Race: Terran Terran
  • League: Grandmaster

VOD

Have the link to the VOD?

Description

Time

  • Played on: May 16, 2016, 4:07 p.m.
  • Length: 5:27
Show
View Real Time Build Order
Export as new Build Order

MiƙeƴMauŞ Protoss - Winner!

Build Orders: Dark Templar Rush 

Get SALT Encoding   

  12  0:00  Probe (Chrono Boost)  
  13  0:11  Probe (Chrono Boost)  
  14  0:18  Pylon  
  14  0:22  Probe (Chrono Boost)  
  15  0:37  Probe (Chrono Boost)  
  15  0:41  Gateway  
  16  0:46  Assimilator  
  16  0:47  Probe (Chrono Boost)  
  17  0:55  Pylon  
  17  0:58  Probe (Chrono Boost)  
  18  1:08  Probe (Chrono Boost)  
  19  1:13  Gateway  
  19  1:19  Probe (Chrono Boost)  
  20  1:27  Cybernetics Core  
  20  1:29  Probe (Chrono Boost)  
  21  1:35  Assimilator  
  21  1:40  Probe (Chrono Boost)  
  22  1:50  Probe (Chrono Boost)  
  23  2:04  Adept (Chrono Boost), Mothership Core (Chrono Boost)  
  23  2:06  Adept (Chrono Boost)  
  29  2:12  Warp Gate  
  29  2:21  Pylon  
  31  2:30  Adept (Chrono Boost)  
  31  2:43  Adept (Chrono Boost)  
  33  2:49  Pylon  
  32  2:54  Adept (Chrono Boost)  
  34  3:01  Probe  
  35  3:06  Twilight Council  
  35  3:14  Probe  
  35  3:15  Stalker (Chrono Boost)  
  35  3:16  Pylon  
  35  3:17  Stalker (Chrono Boost)  
  38  3:46  Nexus  
  38  3:50  Probe  
  38  3:51  Pylon  
  39  4:00  Dark Shrine  
  39  4:03  Probe  
  40  4:17  Pylon  
  40  4:18  Probe  
  41  4:30  Probe  
  42  4:35  Pylon  
  42  4:42  Probe  
  43  4:54  Probe  
  43  4:57  Probe  
  45  5:02  Pylon  
  45  5:03  Gateway  
  45  5:06  Probe (Chrono Boost)  
  46  5:09  Probe (Chrono Boost)  
  46  5:12  Dark Templar  
  49  5:15  Dark Templar  
Show
View Real Time Build Order
Export as new Build Order

Miszu Terran 

Build Orders:  

Get SALT Encoding   

  12  0:01  SCV  
  13  0:13  SCV  
  14  0:18  Supply Depot  
  14  0:25  SCV  
  15  0:39  SCV  
  15  0:42  Barracks  
  16  0:52  SCV  
  17  1:04  SCV  
  18  1:14  Command Center  
  18  1:18  SCV  
  19  1:30  Marine  
  19  1:31  Orbital Command  
  20  1:41  Barracks  
  20  1:52  Barracks  
  20  1:55  Marine  
  20  1:59  SCV  
  22  2:10  Bunker  
  22  2:14  Marine  
  23  2:30  Marine, Barracks  
  23  2:31  Barracks  
  23  2:34  Marine  
  25  2:40  Marine  
  26  2:51  Marine  
  27  2:52  Marine  
  27  2:58  Marine  
  29  3:08  Marine  
  29  3:10  Marine, Refinery  
  29  3:11  Refinery  
  31  3:13  SCV  
  31  3:16  Marine  
  33  3:20  Marine  
  33  3:24  Marine  
  35  3:27  SCV  
  35  3:30  Marine  
  35  3:33  Marine  
  38  3:36  Supply Depot  
  38  3:48  Barracks Tech Lab  
  38  3:49  Orbital Command  
  38  3:52  Marine  
  38  3:57  Marine, SCV  
  38  3:59  Marine  
  41  4:09  Marine x2, SCV  
  43  4:11  Orbital Command  
  43  4:14  Marine  
  44  4:21  Supply Depot  
  44  4:23  SCV  
  45  4:33  Marine  
  45  4:34  Supply Depot  
  46  4:38  Factory  
  46  4:42  Marine x2  
  46  4:43  SCV x2  
  46  4:45  Marauder  
  52  4:57  SCV  
  52  4:59  Bunker  
  54  5:00  SCV  
  54  5:01  Marine  
  54  5:06  Supply Depot  
  57  5:10  SCV  
  57  5:12  SCV  
  59  5:23  Starport, Factory Reactor  
Tags
 
Add a new tag
Caveats
  • Supply blocks, unpowered buildings, or Contaminate may cause inaccurate times.
  • Supply counts are checked every 10 seconds.